 Dungeon Crawl Stone Soup version 0.29-a0-529-gfa20dd96a1 (webtiles) character file.

Game seed: 9886611912253550496

285 zeratav the Archer (level 6, 0/34 HPs)
             Began as a Deep Elf Hunter on June 1, 2022.
             Was an Initiate of Hepliaklqana.
             Slain by a gnoll
             ... wielding a +0 club
              (2 damage)
             ... on level 3 of the Dungeon.
             The game lasted 00:05:57 (2666 turns).

zeratav the Archer (Deep Elf Hunter)                Turns: 2666, Time: 00:05:58

Health: 0/34       AC:  3    Str:  8    XL:     6   Next: 7%
Magic:  8/8        EV: 12    Int: 14    God:    Hepliaklqana [......]
Gold:   74         SH:  0    Dex: 20    Spells: 5/5 levels left

rFire   . . .      SeeInvis .   a - +1 shortbow {bow}
rCold   . . .      Faith    .   (shield currently unavailable)
rNeg    . . .      Spirit   .   b - +0 leather armour
rPois   +          Reflect  .   t - +0 hat
rElec   .          Harm     .   (no cloak)
rCorr   .          Rampage  .   (no gloves)
Will    .....                   (no boots)
Stlth   ++........              (no amulet)
HPRegen 0.11/turn               n - ring of poison resistance
MPRegen 0.11/turn               k - ring of flight

@: flying
A: no striking features
a: Renounce Religion


You were on level 3 of the Dungeon.
You worshipped Hepliaklqana.
Hepliaklqana was noncommittal.
You visited 2 branches of the dungeon, and saw 5 of its levels.

You collected 74 gold pieces.


   Skills:
 - Level 1.5 Fighting
 + Level 9.7 Bows
 - Level 2.4 Dodging
 - Level 1.2 Stealth


You had 5 spell levels left.
You didn't know any spells.
Your spell library contained the following spells:

 Spells                   Type           Power      Damage    Failure   Level
 Tukima's Dance           Hex            0%         N/A       77%         3
 Passage of Golubria      Tloc           0%         N/A       99%         4
 Yara's Violent Unravell  Hex/Tmut       0%         3d3       100%        5

Inventory:

Hand Weapons
 a - a +1 shortbow (weapon) {bow}
 B - a +2 dagger of venom {short}
   (You found it on level 3 of the Dungeon)
Armour
 b - a +0 leather armour (worn)
 i - a +0 ring mail
   (You took it off an orc on level 3 of the Dungeon)
 j - a +0 ring mail
   (You took it off an orc on level 3 of the Dungeon)
 t - a +0 hat (worn)
   (You found it on level 2 of the Dungeon)
 v - a +0 ring mail
   (You took it off an orc on level 3 of the Dungeon)
 y - a +0 robe
   (You took it off an orc wizard on level 3 of the Dungeon)
Jewellery
 k - a ring of flight (right hand)
   (You found it on level 3 of the Dungeon)
 l - a ring of ice
   (You found it on level 2 of the Dungeon)
 n - a ring of poison resistance (left hand)
   (You found it on level 2 of the Dungeon)
Wands
 C - a wand of polymorph (4)
   (You found it on level 4 of the Dungeon)
Scrolls
 c - a scroll of immolation {!r!r}
 f - 7 scrolls of identify {unknown}
 m - a scroll of enchant weapon {unknown}
 q - a scroll of noise {unknown}
 s - a scroll of fog {unknown}
 u - a scroll of enchant armour {unknown}
 x - 3 scrolls of magic mapping {unknown}
 z - a scroll of teleportation {unknown}
 A - a scroll of fear {unknown}
Potions
 d - a potion of attraction {unknown}
 e - a potion of lignification {unknown}
 g - a potion of ambrosia {unknown}
 h - a potion of haste {unknown}
 o - 2 potions of flight {unknown}
 p - 2 potions of curing {unknown}
 r - a potion of berserk rage {unknown}
 w - a potion of might {unknown}

Dungeon Overview and Level Annotations

Branches:
Dungeon (4/15)             Temple (1/1) D:4

Altars:
Ashenzari
Elyvilon
Fedhas
Gozag
Hepliaklqana
Makhleb
Okawaru
Trog
Uskayaw
Vehumet
Wu Jian
Xom
Yredelemnul
Zin
The Shining One

Shops:
D:1 (   D:3 (

Annotations:
D:4 1 transporter, Grinder

..............#
#.#...##
''###.........# #.#._.#
....#.........# #.#...#
≈≈≈.#.........###.#.≈.#
..≈.#...##............#
_.≈.#...##............#
....#...##...(.......##
#######.##..........##
...'..........).@...#
...####........g....#
...# ##............#
.<.# #.<........∩.#
...# ##.###.##.####
...# #.# #.##.# ...#
#.###.##.# ####
#..#.....###
#..#.......############


You could see a gnoll.


Message History

Done exploring.
Done exploring.
Done exploring.
Done exploring.
Done exploring.
Done exploring.
Done exploring.
Done exploring.
Done exploring.
Done exploring.
Done exploring.
Done exploring.
Done exploring.
Done exploring.
Done exploring.
Done exploring.
Done exploring.
Done exploring.
Done exploring.
Done exploring.
Done exploring.
There is an open door here.
There is an open door here.
There is an open door here.
There is a hazy altar of Hepliaklqana here.
You hover solemnly before the altar of Hepliaklqana.
Hepliaklqana welcomes you!
(D) Dungeon (T) Temple
Where to? (Enter - Temple @ (x,y), ? - help)
Okay, then.
There is an open door here.
(D) Dungeon (T) Temple
Where to? (Enter - Temple @ (x,y), ? - help)
There is an open door here.
There is a staircase back to the Dungeon here.
You fly upwards.
Welcome back to the Dungeon!
Level annotation: Grinder The gnoll hits you with a +0 club.
There is a staircase to the Ecumenical Temple, spattered with blood here.
HP[-3]
You take 3 damage, and now have 31/34 hp.
The gnoll shouts!
The gnoll hits you with a +0 club.
HP[-6]
You take 6 damage, and now have 25/34 hp.
HP[+1]
The gnoll attacks as you move away! The gnoll hits you with a +0 club!
HP[-7]
You take 7 damage, and now have 19/34 hp.
MASSIVE DAMAGE!! (PAUSE) Grinder gestures at you.
You struggle to resist.
Grinder gestures at you. You resist with some effort.
The gnoll attacks as you move away! The gnoll hits you with a +0 club.
* * * LOW HITPOINT WARNING * * *
Grinder blinks!
HP[-3]
You take 3 damage, and now have 16/34 hp.
The gnoll attacks as you move away! The gnoll barely misses you.
HP[+1]
The gnoll attacks as you move away! The gnoll hits you with a +0 club.
* * * LOW HITPOINT WARNING * * *
HP[-2]
You take 2 damage, and now have 15/34 hp.
The gnoll attacks as you move away! The gnoll barely misses you.
The gnoll attacks as you move away! The gnoll closely misses you.
The gnoll attacks as you move away! The gnoll hits you with a +0 club.
* * * LOW HITPOINT WARNING * * *
HP[-2]
You take 2 damage, and now have 13/34 hp.
The gnoll attacks as you move away! The gnoll misses you.
HP[+1]
The gnoll attacks as you move away! The gnoll closely misses you.
The gnoll attacks as you move away! The gnoll hits you with a +0 club.
* * * LOW HITPOINT WARNING * * *
There is a stone staircase leading up here.
HP[-2]
You take 2 damage, and now have 12/34 hp.
The gnoll hits you with a +0 club.
* * * LOW HITPOINT WARNING * * *
You fly upwards.
There is a stone staircase leading down here.
HP[-2]
You take 2 damage, and now have 10/34 hp.
Shoot: a) +1 shortbow {bow}
Press: ? - help, Q - select action, (/) - cycle Shift-Dir - straight line, f - gnoll
Aim: a gnoll, wielding a +0 club (70% to hit)
You shoot an arrow. The arrow completely misses the gnoll.
The gnoll hits you with a +0 club!
* * * LOW HITPOINT WARNING * * *
HP[-8]
You take 8 damage, and now have 2/34 hp.
MASSIVE DAMAGE!! (PAUSE) Shoot: a) +1 shortbow {bow}
Press: ? - help, Q - select action, (/) - cycle Shift-Dir - straight line, f/p - gnoll
Aim: a gnoll, wielding a +0 club (70% to hit)
You shoot an arrow. The arrow hits the gnoll.
The gnoll hits you with a +0 club.
You die...

Skill      XL: |  1  2  3  4  5 |
---------------+----------------+-----
Bows           | 6 7 8 9 |  9.7
Fighting       | |  1.5
Dodging        | |  2.4
Stealth        | |  1.2

Action                   |  1- 3 |  4- 6 || total
-------------------------+-------+-------++-------
 Fire: Shortbow          |    80 |   103 ||   183
Armor: Leather armour    |     4 |     4 ||     8
Dodge: Dodged            |     9 |    25 ||    34

Levels and vault maps discovered:
D:1:      dpeg_arrival_prison, layout_rooms, serial_shops, nicolae_shop_stone,
          minmay_domino_2
D:2:      layout_basic, ebering_ecumenical_altar_petrified, serial_corexii_hall,
          corexii_hall_statues_u, chequers_hall_statues_wall_a,
          amcnicky_mini_rare_corridor_liquid, minmay_misc_feat_alley,
          hangedman_glass_teeth
D:3:      layout_basic, mainiacjoe_overflow_alcove_4,
          mainiacjoe_overflow_tiny_flanked, serial_shops, shop,
          nicolae_grassy_gnolls
D:4:      layout_rooms, gammafunk_temple_overflow_arena,
          minmay_temple_entry_junction, roderic_batcave, uniq_natasha,
          uniq_grinder
Temple:   nicolae_temple_god_jail

Notes
Turn   | Place    | Note
-------+----------+-------------------------------------------
     0 | D:1      | zeratav the Deep Elf Hunter began the quest for the Orb.
     0 | D:1      | Reached XP level 1. HP: 12/12 MP: 3/3
     0 | D:1      | magus.rc [v1.9.6]
   176 | D:1      | Reached skill level 6 in Bows
   176 | D:1      | Reached XP level 2. HP: 16/16 MP: 4/4
   252 | D:1      | Found Take's Weapon Shoppe.
   800 | D:2      | Reached XP level 3. HP: 20/20 MP: 5/5
   860 | D:2      | Found a faded altar of an unknown god.
   995 | D:2      | Reached skill level 7 in Bows
  1423 | D:3      | Reached XP level 4. HP: 25/25 MP: 6/6
  1467 | D:3      | Reached skill level 8 in Bows
  1479 | D:3      | HP: 4/25 [dart slug/slug dart (5)]
  1824 | D:3      | Found Qeurad's Antique Weapon Emporium.
  1831 | D:3      | Found a burning altar of Makhleb.
  1862 | D:3      | Found an iron altar of Okawaru.
  1942 | D:3      | Reached XP level 5. HP: 29/29 MP: 7/7
  2215 | D:3      | You add the spells Tukima's Dance, Passage of Golubria and
                  | Yara's Violent Unravelling to your library.
  2258 | D:3      | Reached skill level 9 in Bows
  2481 | D:4      | Reached XP level 6. HP: 28/34 MP: 8/8
  2536 | D:4      | Found a staircase to the Ecumenical Temple.
  2536 | D:4      | Noticed Grinder
  2545 | Temple   | Entered the Ecumenical Temple
  2620 | Temple   | Became a worshipper of Hepliaklqana the Forgotten
  2631 | D:4      | Found a transporter.
  2665 | D:3      | HP: 2/34 [gnoll/+0 club (8)]
  2666 | D:3      | Slain by a gnoll

Vanquished Creatures
  A scorpion (D:4)
  An orc wizard (D:3)
  8 gnolls
  4 adders
  3 dart slugs
  8 orcs (D:3)
  4 bats
  11 endoplasms
  4 giant cockroaches
  3 goblins
  6 hobgoblins
  2 quokkas
  8 ball pythons
  A frilled lizard (D:1)
  7 kobolds
  2 rats (D:1)
73 creatures vanquished.

Vanquished Creatures (others)
  13 plants (D:3)
13 creatures vanquished.

Grand Total: 86 creatures vanquished

Table legend:
 A = Non-vault XP
 B = Vault XP
 C = Vault XP percentage of total XP
 D = Non-vault monster count
 E = Vault monster count
 F = Vault count percentage of total count
                 A         B        C        D         E       F
            +---------+---------+-------+---------+---------+-------
      Total |     342 |      66 |  16.2 |      64 |       9 |  12.3
            +---------+---------+-------+---------+---------+-------
        D:1 |      24 |       9 |  27.3 |      14 |       5 |  26.3
        D:2 |      56 |       0 |   0.0 |      16 |       0 |   0.0
        D:3 |     158 |      57 |  26.5 |      29 |       4 |  12.1
        D:4 |     104 |       0 |   0.0 |       5 |       0 |   0.0
            +---------+---------+-------+---------+---------+-------

Illustrated notes

Table legend:
 A = Kills in this place as a percentage of kills in entire the game.
 B = Kills by you in this place as a percentage of kills by you in the entire game.
 C = Kills by friends in this place as a percentage of kills by friends in the entire game.
 D = Other kills in this place as a percentage of other kills in the entire game.
 E = Experience gained in this place as a percentage of experience gained in the entire game.
 F = Experience gained in this place divided by the number of levels of this place that you have seen.
                   A       B       C       D       E      F
               +-------+-------+-------+-------+-------+----------------------
         Total | 100.0 | 100.0 |   N/A |   N/A | 100.0 |  81.6
       Dungeon | 100.0 | 100.0 |   N/A |   N/A | 100.0 | 102.0
               +-------+-------+-------+-------+-------+----------------------

Table legend: (Time is in decaauts)
 A = Elapsed time spent in this place.
 B = Non-inter-level travel time spent in this place.
 C = Inter-level travel time spent in this place.
 D = Time resting spent in this place.
 E = Time spent auto-exploring this place.
 F = Levels seen in this place.
 G = Mean time per level.
                   A        B        C        D        E       F      G
               +--------+--------+--------+--------+--------+-----+--------+
         Total |   2697 |   2588 |    109 |    474 |   1696 |   5 |  539.4 |
       Dungeon |   2612 |   2527 |     85 |    474 |   1648 |   4 |  653.0 |
        Temple |     84 |     60 |     24 |      0 |     48 |   1 |   84.0 |
               +--------+--------+--------+--------+--------+-----+--------+

Top non-repeatable levels by time:
     D:3: 1022 daAuts
     D:2: 709 daAuts
     D:1: 698 daAuts
     D:4: 180 daAuts
  Temple: 84 daAuts
